 Dungeon Crawl Stone Soup version 0.30-a0-390-g80c34de (webtiles) character file.

Game seed: 5798552229786072874

984 BarneyGumball the Purveyor of Pain (level 7, -7/36 HPs)
             Began as a Deep Elf Necromancer on Dec 4, 2022.
             Was an Initiate of Kikubaaqudgha.
             Succumbed to a kobold brigand's curare-tipped dart
             ... on level 6 of the Dungeon.
             The game lasted 00:19:44 (5262 turns).

BarneyGumball the Purveyor of Pain (DENe)           Turns: 5262, Time: 00:19:45

Health: -7/36      AC:  2    Str:  5    XL:     7   Next: 97%
Magic:  14/20      EV: 13    Int: 22    God:    Kikubaaqudgha [......]
Gold:   82         SH:  0    Dex: 15    Spells: 4/21 levels left

rFire   . . .      SeeInvis .    q - staff of death
rCold   . . .      Faith    .    (no shield)
rNeg    + + .      Spirit   .    a - +0 robe
rPois   .          Reflect  .    (no helmet)
rElec   .          Harm     .    (no cloak)
rCorr   .          Rampage  .    (no gloves)
Will    .....                    (no boots)
Stlth   +++.......               (no amulet)
HPRegen 0.26/turn                i - ring of positive energy
MPRegen 0.17/turn                (no ring)

@: lethally poisoned (-7 -> -29), slowed, very slow
A: no striking features
a: Renounce Religion


You were on level 6 of the Dungeon.
You worshipped Kikubaaqudgha.
Kikubaaqudgha was noncommittal.
You visited 1 branch of the dungeon, and saw 6 of its levels.

You collected 115 gold pieces.
You spent 33 gold pieces at shops.

Inventory:

Hand Weapons
 t - a +2 dagger of venom
Missiles
 v - 3 atropa-tipped darts (quivered)
Armour
 a - a +0 robe (worn)
Magical Staves
 q - a staff of death (weapon)
Jewellery
 f - a ring of fire
 i - a ring of positive energy (left hand)
 z - a ring of resist corrosion
Wands
 u - a wand of light (8)
Scrolls
 h - 2 scrolls of enchant weapon {unknown}
 k - a scroll of butterflies {unknown}
 m - a scroll of torment {unknown}
 n - 2 scrolls of teleportation
 p - a scroll of immolation {unknown}
 r - 2 scrolls of fear {unknown}
 y - a scroll of amnesia {unknown}
Potions
 b - a potion of magic
 c - 2 potions of mutation
 d - a potion of brilliance {unknown}
 e - 3 potions of degeneration {unknown}
 g - 4 potions of curing
 j - a potion of haste {unknown}
 l - a potion of ambrosia {unknown}
 o - 3 potions of lignification {unknown}
 s - a potion of flight {unknown}
 w - a potion of might {unknown}
 x - a potion of attraction


   Skills:
 - Level 2.7 Dodging
 + Level 5.5 Stealth
 + Level 7.8 Spellcasting
 * Level 2.4 Conjurations
 - Level 8.0 Necromancy
 + Level 1.6 Earth Magic


You had 4 spell levels left.
You knew the following spells:

 Your Spells              Type           Power      Damage    Failure   Level
a - Necrotise             Necr           100%       1d9       1%          1
b - Vampiric Draining     Necr           60%        2d10      1%          3
c - Animate Dead          Necr           60%        N/A       2%          4
d - Frozen Ramparts       Ice            16%        1d3       22%         3
e - Borgnjor's Vile Clut  Necr/Erth      22%        N/A       28%         5
f - Magic Dart            Conj           76%        1d6       2%          1

Your spell library contained the following spells:

 Spells                   Type           Power      Damage    Failure   Level
 Searing Ray              Conj           38%        2d5       4%          2
 Apportation              Tloc           16%        N/A       8%          1
 Freeze                   Ice            32%        1d5       8%          1
 Sting                    Tmut/Pois      32%        1d4       8%          1
 Summon Small Mammal      Summ           32%        N/A       8%          1
 Poisonous Vapours        Pois/Air       16%        N/A       12%         2
 Hailstorm                Conj/Ice       14%        3d5       14%         3
 Fulminant Prism          Conj/Hex       7%         3d7       41%         4
 Olgreb's Toxic Radiance  Pois           8%         N/A       58%         4
 Agony                    Necr           60%        N/A       8%          5
 Death Channel            Necr           30%        N/A       41%         6


Dungeon Overview and Level Annotations

Branches:
Dungeon (6/15)
 Temple: D:4-7

Altars:
Ashenzari
Dithmenos
Fedhas
Gozag
Kikubaaqudgha
Qazlal
Sif Muna
Zin
The Shining One

Shops:
D:4 *(

Annotations:
D:5 6 exclusions
D:6 1 runed translucent door, Gunk's ghost, novice DjNe


Message History

You have difficulty breathing.
You feel as though you will be slow longer.
Casting: Necrotise (safe; 1% risk of failure)
Confirm with . or Enter, or press ? or * to list all spells.
Aiming: Necrotise (safe; 1% risk of failure)
Press: ? - help, Shift-Dir - straight line, f/p - kobold brigand
Aim: a kobold brigand, wielding a +0 short sword and quivering curare-tipped darts (lightly wounded, ally target, chance to affect: 83%)
You feel a surge of power!
The kobold brigand barely resists.
* * * LOW HITPOINT WARNING * * *
You feel very sick.
The kobold hits your kobold skeleton with a +0 short sword.
The kobold brigand throws a curare-tipped dart.
The curare-tipped dart closely misses you.
Your kobold skeleton closely misses the kobold brigand.
Casting: Necrotise (safe; 1% risk of failure)
Confirm with . or Enter, or press ? or * to list all spells.
Aiming: Necrotise (safe; 1% risk of failure)
Press: ? - help, Shift-Dir - straight line, f/p - kobold brigand
Aim: a kobold brigand, wielding a +0 short sword and quivering curare-tipped darts (lightly wounded, ally target, chance to affect: 83%)
You feel a surge of power!
The kobold brigand barely resists.
* * * LOW HITPOINT WARNING * * *
You feel very sick.
The kobold brigand throws a curare-tipped dart.
The curare-tipped dart hits you.
You are more poisoned.
You have difficulty breathing.
* * * LOW HITPOINT WARNING * * *
You feel as though you will be slow longer.
The kobold hits your kobold skeleton with a +0 short sword.
Your kobold skeleton hits the kobold.
The kobold hits your kobold skeleton with a +0 short sword.
Your kobold skeleton is destroyed!
Casting: Necrotise (safe; 1% risk of failure)
Confirm with . or Enter, or press ? or * to list all spells.
Aiming: Necrotise (safe; 1% risk of failure)
Press: ? - help, Shift-Dir - straight line, f/p - kobold brigand
Aim: a kobold brigand, wielding a +0 short sword and quivering curare-tipped darts (lightly wounded, chance to affect: 83%)
You feel a surge of power!
The kobold brigand writhes in agony.
You die...
Kikubaaqudgha rasps: "You have failed me!
Welcome... death!"

...........#
..........# ...).....#
...K....#
..............#
#.............#
#.....##K....# .
#.....##@....# ..
#.....#...>..#
..#######.....#......#
.>............#......#
..............'......#
..............#......#
.......†......#......#
..##...##.....#......#
..##..<##.....#....>.#


You could see a kobold brigand and a kobold.

Vanquished Creatures
  Sigmund (D:2)
  2 black bears (D:4)
  An ogre (D:6)
  A centaur (D:4)
  3 scorpions
  2 hounds (D:5)
  A jelly (D:5)
  2 orc wizards (D:3)
  A hound zombie (D:5)
  5 gnolls
  5 adders
  2 worms
  A dart slug (D:3)
  2 orcs (D:3)
  4 bats
  7 endoplasms
  6 goblins
  6 hobgoblins
  3 quokkas
  4 ball pythons
  2 frilled lizards
  3 kobolds
  A rat (D:2)
65 creatures vanquished.

Vanquished Creatures (collateral kills)
  A dart slug (D:1)
  An endoplasm (D:3)
  A goblin (D:3)
  A hobgoblin (D:2)
  A ball python (D:1)
  A frilled lizard (D:2)
6 creatures vanquished.

Grand Total: 71 creatures vanquished

Notes
Turn   | Place    | Note
-------+----------+-------------------------------------------
     0 | D:1      | BarneyGumball the Deep Elf Necromancer began the quest for
                  | the Orb.
     0 | D:1      | Reached XP level 1. HP: 10/10 MP: 6/6
    71 | D:1      | Reached skill level 5 in Necromancy
    71 | D:1      | Reached XP level 2. HP: 15/15 MP: 4/8
   748 | D:2      | Reached XP level 3. HP: 19/19 MP: 6/10
   779 | D:2      | Noticed Sigmund
   787 | D:2      | Killed Sigmund
   788 | D:2      | Reached skill level 5 in Spellcasting
   788 | D:2      | Reached skill level 6 in Necromancy
   788 | D:2      | Reached XP level 4. HP: 23/24 MP: 3/13
   788 | D:2      | Reached XP level 5. HP: 27/28 MP: 3/15
  1124 | D:2      | Learned a level 3 spell: Vampiric Draining
  1129 | D:2      | Learned a level 4 spell: Animate Dead
  1740 | D:2      | Found a faded altar of an unknown god.
  1875 | D:3      | Reached skill level 7 in Necromancy
  1875 | D:3      | Reached XP level 6. HP: 23/32 MP: 10/17
  1991 | D:3      | Found a blossoming altar of Fedhas.
  2172 | D:3      | Found an ancient bone altar of Kikubaaqudgha.
  2183 | D:3      | Became a worshipper of Kikubaaqudgha
  2614 | D:4      | Found Hawiofub's Weapon Emporium.
  2752 | D:4      | Found an opulent altar of Gozag.
  2878 | D:4      | Found a broken altar of Ashenzari.
  2941 | D:4      | Reached XP level 7. HP: 36/36 MP: 13/19
  2945 | D:4      | Learned a level 3 spell: Frozen Ramparts
  3168 | D:4      | Found a shadowy altar of Dithmenos.
  3425 | D:4      | Found Noaviwnotat's General Store.
  3432 | D:4      | Bought a potion of attraction for 33 gold pieces
  3688 | D:5      | Entered Level 5 of the Dungeon
  3688 | D:5      | Found a glowing golden altar of the Shining One.
  3688 | D:5      | Found a stormy altar of Qazlal.
  4063 | D:5      | Found a glowing silver altar of Zin.
  4138 | D:4      | Learned a level 5 spell: Borgnjor's Vile Clutch
  4234 | D:5      | Learned a level 1 spell: Magic Dart
  4406 | D:5      | Reached skill level 5 in Stealth
  4406 | D:5      | Reached skill level 1 in Conjurations
  4406 | D:5      | Reached skill level 8 in Necromancy
  4589 | D:5      | Reached skill level 1 in Earth Magic
  4903 | D:6      | Noticed Gunk's ghost (novice DjNe)
  4903 | D:6      | Found a runed translucent door.
  5079 | D:5      | Found a shimmering blue altar of Sif Muna.
  5261 | D:6      | HP: 1/36 [asphyx]
  5262 | D:6      | Succumbed to a kobold brigand's curare-tipped dart

Illustrated notes

Levels and vault maps discovered:
D:1:      amcnicky_arrival_underground_garden, layout_loops_ring, serial_glass,
          glass_columns_b, glass_columns_a, chequers_serial_rivers_micro_c,
          minmay_misc_feat_more_columns
D:2:      wad_pebble_path, layout_basic, basic_ecumenical_altar,
          minmay_pentomino_u4, uniq_sigmund
D:3:      layout_basic, old_standard_altar, old_standard_altar
D:4:      nicolae_cairo_tiling_very_big, layout_loops_cross,
          nicolae_ashenzari_panopticon, grunt_gozag_statues,
          mainiacjoe_overflow_small_starburst, serial_shops,
          nicolae_shop_bloodbath_and_beyond, shop, minmay_misc_feat_alley
D:5:      layout_basic, nicolae_yredelemnul_corpse_copse,
          mainiacjoe_overflow_large_starburst,
          mainiacjoe_overflow_catwalk_spiral
D:6:      layout_gridville, nicolae_ru_great_annihilating_truth,
          gammafunk_ghost_grave, minivault_25

Skill      XL: |  1  2  3  4  5  6  7 |
---------------+----------------------+-----
Necromancy     | 5 6 7 8 |  8.0
Spellcasting   | 5 6 7 |  7.8
Stealth        | 4 5 |  5.5
Conjurations   | 2 |  2.4
Earth Magic    | 1 |  1.6
Dodging        | |  2.7

Action                   |  1- 3 |  4- 6 |  7- 9 || total
-------------------------+-------+-------+-------++-------
Melee: Staff             |       |       |    19 ||    19
       Punch             |       |       |     2 ||     2
Throw: Dart              |       |       |     5 ||     5
 Cast: Necrotise         |    28 |    83 |    41 ||   152
       Vampiric Draining |       |     2 |     5 ||     7
       Magic Dart        |       |       |     4 ||     4
Evoke: Wand              |       |       |     1 ||     1
  Use: Scroll            |       |     2 |     1 ||     3
       Potion            |       |       |     1 ||     1
 Stab: Invisible         |       |       |     1 ||     1
Armor: Robe              |       |     1 |     2 ||     3
Dodge: Dodged            |     2 |     9 |    28 ||    39

Table legend: (Time is in decaauts)
 A = Elapsed time spent in this place.
 B = Non-inter-level travel time spent in this place.
 C = Inter-level travel time spent in this place.
 D = Time resting spent in this place.
 E = Time spent auto-exploring this place.
 F = Levels seen in this place.
 G = Mean time per level.
                   A        B        C        D        E       F      G
               +--------+--------+--------+--------+--------+-----+--------+
         Total |   5267 |   5071 |    196 |    312 |   4101 |   6 |  877.8 |
       Dungeon |   5267 |   5071 |    196 |    312 |   4101 |   6 |  877.8 |
               +--------+--------+--------+--------+--------+-----+--------+

Top non-repeatable levels by time:
     D:5: 1248 daAuts
     D:4: 1170 daAuts
     D:2: 1095 daAuts
     D:3: 852 daAuts
     D:1: 733 daAuts
     D:6: 167 daAuts
